 Dungeon Crawl Stone Soup version 0.14.2 (webtiles) character file.

446 Amnesiac the Cutter (level 5, -1/25 HPs)
             Began as a Spriggan Artificer on Feb 4, 2018.
             Killed from afar by Sigmund (8 damage)
             ... with a magic dart
             ... on Level 4 of the Dungeon.
             The game lasted 00:03:02 (2794 turns).

Amnesiac the Cutter (Spriggan Artificer)            Turns: 2794, Time: 00:03:02

HP  -1/25        AC  2     Str  7      XL: 5   Next: 73%
MP  13/13        EV 19     Int 14      God:
Gold 214         SH  0     Dex 17      Spells:  0 memorised,  4 levels left

rFire  . . .     SeeInvis +     g - +0 dagger (venom)
rCold  . . .     Clarity  .     v - +0 robe {MR+}
rNeg   . . .     Conserve .     (shield restricted)
rPois  .         rCorr    .     (helmet restricted)
rElec  .         rRot     .     (no cloak)
SustAb . .       Spirit   .     (gloves unavailable)
rMut   .         Warding  .     (boots unavailable)
Saprov . . .     Stasis   .     (no amulet)
MR     +....                    (no ring)
                                (no ring)

@: very quick, somewhat resistant to hostile enchantments, fairly stealthy
A: unfitting armour, see invisible, herbivore 3, speed 3, slow metabolism 2
a: no special abilities


You were on level 4 of the Dungeon.
You were very full.

You visited 1 branch of the dungeon, and saw 4 of its levels.

You collected 214 gold pieces.

Inventory:

Hand weapons
 g - a +0,+0 dagger of venom (weapon)
Missiles
 l - 3 throwing nets (quivered)
 m - 40 poisoned needles
 o - 58 darts
Armour
 v - a +0 robe of magic resistance (worn)
Magical devices
 b - a wand of flame (15)
 c - a wand of enslavement (15)
 d - a wand of random effects (15)
Comestibles
 k - 5 bread rations
 u - an apple
 x - an apricot
 z - 13 strawberries
 E - a choko
Scrolls
 a - a scroll of magic mapping {!r, unknown}
 f - 2 scrolls of fog {!r, unknown}
 i - a scroll of enchant weapon I {!r, unknown}
 n - a scroll of random uselessness {!r, unknown}
 q - 2 scrolls of remove curse {!r, unknown}
 r - a scroll of recharging {!r, unknown}
 s - 4 scrolls of identify {!r, unknown}
 w - 3 scrolls of teleportation {!r, unknown}
 y - a scroll of immolation {!r, unknown}
 B - a scroll of fear {!r, unknown}
Jewellery
 e - an uncursed ring of ice {unknown}
Potions
 h - 4 potions of paralysis {!q, unknown}
 j - 2 potions of haste {!q, unknown}
 p - a potion of restore abilities {!q, unknown}
 t - 2 potions of curing {!q, unknown}
 A - a potion of cure mutation {!q, unknown}
 C - a potion of flight {!q, unknown}
 D - a potion of brilliance {!q, unknown}


   Skills:
 - Level 0.7 Fighting
 + Level 5.9 Short Blades
 - Level 4.0 Dodging
 - Level 1.5 Stealth
 - Level 4.1 Evocations


You had 4 spell levels left.
You didn't know any spells.

Dungeon Overview and Level Annotations

Branches:
Dungeon (4/15)
 Temple: D:4-7

Altars:
Makhleb

Annotations:
D:4 Sigmund


Innate Abilities, Weirdness & Mutations

You are tiny and cannot use many weapons and most armour.
You have supernaturally acute eyesight.
You are a herbivore.
You cover ground extremely quickly.
You need consume almost no food.


Message History

No target in view!
No target in view!
Things that are here:
a club x2 an orc corpse
Found 27 arrows.
f - 2 scrolls labeled SOADYDOCOGI {!r} (gained 1)
Found a stone staircase leading up.
k - 5 bread rations (gained 1)
You now have 214 gold pieces (gained 8).
Sigmund comes into view.
He is wielding a scythe.
Sigmund shouts!
Sigmund is nearby!
A bat comes into view.
You closely miss Sigmund. Sigmund closely misses you.
You hit Sigmund but do no damage. You closely miss Sigmund. Sigmund misses you.
You hit Sigmund.
Sigmund is poisoned.
Sigmund is lightly wounded.
The bat misses you.
You hit Sigmund.
Sigmund is lightly wounded.
The bat misses you. The bat hits you. Sigmund misses you.
You hit Sigmund but do no damage.
Sigmund looks even sicker.
Sigmund is lightly wounded.
The bat misses you.
You barely miss Sigmund.
Sigmund is moderately wounded.
The bat barely misses you. Sigmund casts a spell at you.
The magic dart hits you!
You closely miss Sigmund.
Sigmund is moderately wounded.
Sigmund closely misses you. The bat barely misses you.
You hit Sigmund but do no damage.
Sigmund is moderately wounded.
The bat completely misses you. The bat misses you.
You closely miss Sigmund.
Sigmund is moderately wounded.
The bat closely misses you. Sigmund hits you with a scythe!
* * * LOW HITPOINT WARNING * * *
You hit Sigmund but do no damage.
Sigmund is heavily wounded.
The bat barely misses you.
You hit Sigmund but do no damage.
Sigmund is heavily wounded.
The bat hits you but does no damage.
You closely miss Sigmund.
Sigmund is heavily wounded.
Sigmund barely misses you. The bat misses you.
You barely miss Sigmund.
Sigmund is heavily wounded.
The bat completely misses you. The bat closely misses you.
You hit Sigmund.
Sigmund is severely wounded.
The bat misses you.
Sigmund gestures wildly while chanting.
Sigmund flickers and vanishes for a moment.
You hit Sigmund but do no damage.
Sigmund is severely wounded.
The bat completely misses you. The bat closely misses you.
Sigmund gestures at you while chanting. The magic dart hits you!
You die...

....#.####..###..♣P!..#.
###.# #...........♣.....
#.....#...####........
#.#..............#
#####..<####.#.# ##.##
#.#.# .##
#.#####.#.#.....
##.............#
.......b@.....##
.###.###@........ #
##.###### .# .# ##


You could see Sigmund (invisible) and a bat.

Vanquished Creatures
  2 hounds
  3 gnolls (D:3)
  A worker ant zombie (D:3)
  6 adders
  2 giant geckos
  An ooze (D:2)
  8 orcs
  3 giant cockroaches
  9 hobgoblins
  7 jackals
  5 kobolds
  A quokka (D:3)
  6 bats
  2 giant newts
  10 goblins
  7 rats
73 creatures vanquished.

Notes
Turn   | Place    | Note
--------------------------------------------------------------
     0 | D:1      | Amnesiac, the Spriggan Artificer, began the quest for the Orb.
     0 | D:1      | Reached XP level 1. HP: 9/9 MP: 2/2
   354 | D:1      | Reached XP level 2. HP: 7/14 MP: 5/5
  1021 | D:2      | Reached XP level 3. HP: 17/17 MP: 8/8
  1358 | D:2      | Reached XP level 4. HP: 9/21 MP: 10/10
  1773 | D:2      | Found a burning altar of Makhleb.
  2099 | D:3      | Reached XP level 5. HP: 22/25 MP: 13/13
  2106 | D:3      | Reached skill level 5 in Short Blades
  2774 | D:4      | Noticed Sigmund
  2794 | D:4      | Killed from afar by Sigmund

Action                   |  1- 3 |  4- 6 || total
-------------------------+-------+-------++-------
Melee: Dagger            |    87 |   182 ||   269
       Short sword       |     1 |       ||     1
  Use: Potion            |       |     1 ||     1
 Stab: Sleeping          |     4 |     3 ||     7
